 Dungeon Crawl Stone Soup version 0.23.2-40-g277498a (webtiles) character file.

Game seed: 11308162031852156241

84 chaossdragon the Grasshopper (level 4, -1/37 HPs)
             Began as a Draconian Warper on Sept 27, 2019.
             Was an Initiate of Dithmenos.
             Slain by an orc
             ... wielding a +0 flail
              (8 damage)
             ... on level 3 of the Dungeon on Sept 28, 2019.
             The game lasted 00:36:40 (2620 turns).

chaossdragon the Grasshopper (Draconian Warper)     Turns: 2620, Time: 00:36:41

Health: -1/37      AC:  7    Str: 15    XL:     4   Next: 24%
Magic:  7/7        EV: 12    Int: 13    God:    Dithmenos [......]
Gold:   191        SH:  0    Dex: 10    Spells: 8/8 levels left

rFire    . . .     SeeInvis .   a - +0 short sword
rCold    . . .     Gourm    .   (no shield)
rNeg     . . .     Faith    .   (armour unavailable)
rPois    +         Spirit   .   (helmet restricted)
rElec    .         Reflect  .   y - +0 cloak
rCorr    .         Harm     .   (no gloves)
MR       .....                  u - +0 pair of boots
Stlth    +.........             (no amulet)
HPRegen  0.12/turn              b - ring of poison resistance
MPRegen  0.10/turn              (no ring)

@: no status effects
A: unfitting armour, cold-blooded, AC +5
a: Renounce Religion


You were on level 3 of the Dungeon.
You worshipped Dithmenos.
Dithmenos was noncommittal.
You were not hungry.

You visited 1 branch of the dungeon, and saw 4 of its levels.

You collected 191 gold pieces.

Inventory:

Hand Weapons
 a - a +0 short sword (weapon)
 v - a +1 dagger of freezing
   (You found it on level 3 of the Dungeon)
 w - a +4 dagger
   (You found it on level 3 of the Dungeon)
 x - a +0 dagger of draining
   (You found it on level 3 of the Dungeon)
Missiles
 d - 5 tomahawks of dispersal {!f}
 g - 159 stones (quivered)
 h - 8 tomahawks
 i - 11 poisoned needles
 j - 22 bolts
 r - 23 sling bullets
Armour
 u - a +0 pair of boots (worn)
   (You found it on level 3 of the Dungeon)
 y - a +0 cloak (worn)
   (You found it on level 3 of the Dungeon)
Jewellery
 b - a ring of poison resistance (left hand)
   (You found it on level 1 of the Dungeon)
Scrolls
 c - 2 scrolls of blinking
 f - a scroll of teleportation {@r4}
 l - 3 scrolls of enchant weapon
 n - 2 scrolls of remove curse {@r2}
 o - a scroll of fog
 p - a scroll of magic mapping
Potions
 k - a potion of might {unknown}
 m - a potion of curing {@q1}
 s - a potion of brilliance {unknown}
Comestibles
 e - 9 rations {!d}


   Skills:
 + Level 2.9 Fighting
 + Level 2.6 Short Blades
 + Level 1.7 Throwing
 + Level 2.7 Dodging
 + Level 2.5 Spellcasting
   Level 3.0 Translocations


You had 8 spell levels left.
You didn't know any spells.
Your spell library contained the following spells:

 Spells                   Type           Power        Failure   Level  Hunger
 Blink                    Tloc           N/A          11%         2    ###....
 Shroud of Golubria       Chrm/Tloc      #.........   21%         2    ###....
 Gell's Gravitas          Tloc           #.........   22%         3    ###....
 Lesser Beckoning         Tloc           #.........   22%         3    ###....
 Teleport Other           Tloc           #.......     22%         3    ###....
 Passage of Golubria      Tloc           N/A          56%         4    #####..


Dungeon Overview and Level Annotations

Branches:
Dungeon (4/15)
 Temple: D:4-7

Altars:
Cheibriados
Dithmenos
Sif Muna
The Shining One

Annotations:
D:4 Menkaure


Innate Abilities, Weirdness & Mutations

Your plain brown scales are hard. (AC +5)
You cannot fit into any form of body armour.
You are cold-blooded and may be slowed by cold attacks.


Message History

Found a stone staircase leading down.
An adder comes into view.
The leopard gecko hisses angrily.
The leopard gecko barely misses you.
You completely miss the leopard gecko. The leopard gecko bites you.
You hit the leopard gecko. The leopard gecko closely misses you.
You miss the leopard gecko.
You tail-slap the leopard gecko, but do no damage.
The leopard gecko closely misses you. The adder bites you but does no damage.
You closely miss the leopard gecko. You tail-slap the leopard gecko.
You kill the leopard gecko!
Dithmenos accepts your kill. The adder misses you. The adder barely misses you.
You closely miss the adder. The adder bites you but does no damage.
You miss the adder.
Your tail-slap misses the adder.
The adder barely misses you.
You closely miss the adder. The orc hits you but does no damage.
The adder bites you.
You completely miss the adder. The adder bites you but does no damage.
The orc hits you but does no damage.
Menkaure calls on the powers of darkness!
The orc convulses!
The adder convulses!
Your body is wracked with pain!
* * * LOW HITPOINT WARNING * * *
The adder closely misses you.
Menkaure mumbles some strange words.
Menkaure seems to speed up.
You see here a leopard gecko corpse.
You see here a wand of flame (22).
The adder bites you.
* * * LOW HITPOINT WARNING * * *
A centaur skeleton comes into view.
The adder bites you but does no damage.
There is an escape hatch in the ceiling here.
You can't go down here!
Really go through this one-way escape hatch? [Y]es or [N]o only, please.
Really go through this one-way escape hatch?
The adder bites you but does no damage. The orc hits you but does no damage.
A mysterious force pulls you upwards. The hatch slams shut behind you.
Unknown command.
You are too injured to fight recklessly!
You are too injured to fight recklessly!
You closely miss the orc. The adder barely misses you.
The orc barely misses you.
You closely miss the orc.
Your tail-slap misses the orc.
The adder barely misses you.
You closely miss the orc. The adder bites you.
* * * LOW HITPOINT WARNING * * *
The orc hits you with a +0 flail!
You die...

####.#.#########.##.######....###
.................................
####.#.########..................
#.#.# ##..#.##.##...#.###
####.#.# #..........<......
.......# ###.#..##.##...#....
...#.### #......##........###
..[#.# #.#....##.#......# #
.).#.# #######.#@.#.##.#......###
...#.# #.......o.S#..............
...#.###.#####.#.##..#.##.....###
..........####.........##.....##
...#...........................#
...#####..######.##............#
...# #..# #.##.#.##.......## ...#
#..# #.##..............
...#####..######.####..#.....#.##


You could see an adder and an orc.

Vanquished Creatures
  An adder (D:3)
  An ooze (D:2)
  3 worms
  2 dart slugs
  A leopard gecko (D:4)
  An orc (D:4)
  3 giant cockroaches
  3 goblins (D:1)
  7 hobgoblins
  8 jackals
  5 kobolds
  A ball python (D:1)
  5 bats
  5 frilled lizards
  8 rats
54 creatures vanquished.

Notes
Turn   | Place    | Note
-------+----------+-------------------------------------------
     0 | D:1      | chaossdragon the Draconian Warper began the quest for the
                  | Orb.
     0 | D:1      | Reached XP level 1. HP: 17/17 MP: 3/3
    14 | D:1      | Noticed a wolf
    14 | D:1      | Noticed a black mamba
    14 | D:1      | Noticed a polar bear
    14 | D:1      | Noticed a lindwurm
    69 | D:1      | Reached skill level 1 in Throwing
   130 | D:1      | Reached XP level 2. HP: 24/25 MP: 5/5
   809 | D:1      | Reached XP level 3. HP: 30/30 MP: 6/6
   995 | D:2      | Found a deep blue altar of Sif Muna.
  1092 | D:2      | Found a shadowy altar of Dithmenos.
  1206 | D:2      | Became a worshipper of Dithmenos the Shadowed
  1219 | D:2      | Found a glowing golden altar of the Shining One.
  1459 | D:2      | Found a snail-covered altar of Cheibriados.
  2007 | D:3      | Reached XP level 4. HP: 28/37 MP: 7/7
  2259 | D:4      | Noticed a phantom
  2259 | D:4      | Noticed an ogre
  2260 | D:4      | Noticed an ogre
  2588 | D:4      | Noticed Menkaure
  2620 | D:3      | Slain by an orc

Skill      XL: |  1 |
---------------+----+-----
Throwing       | 1 |  1.7
Fighting       | |  2.9
Short Blades   | |  2.6
Dodging        | |  2.7
Spellcasting   | |  2.5
Translocations | |  3.0

Action                   |  1- 3 |  4- 6 || total
-------------------------+-------+-------++-------
Melee: Short sword       |   130 |    55 ||   185
       Tailslap          |    15 |    11 ||    26
       Hand axe          |    34 |       ||    34
Throw: Stone             |    54 |     8 ||    62
  Use: Scroll            |     8 |     4 ||    12
       Potion            |     1 |       ||     1
  Eat: Ration            |     1 |     1 ||     2
       Chunk             |       |     1 ||     1
Armor: Skin              |    42 |    31 ||    73
Dodge: Dodged            |   101 |    52 ||   153
